 Dungeon Crawl Stone Soup version 0.28-a0-998-gb9e9c7b67e (webtiles) character file.

Game seed: 9686686507342815821

66 DrunkBamboolord the Ruffian (level 4, -2/30 HPs)
             Began as an Octopode Wanderer on Dec 6, 2021.
             Slain by a gnoll (4 damage)
             ... on level 3 of the Dungeon.
             The game lasted 00:04:23 (2284 turns).

DrunkBamboolord the Ruffian (Octopode Wanderer)     Turns: 2284, Time: 00:04:24

Health: -2/30      AC:  1    Str: 11    XL:     4   Next: 15%
Magic:  4/4        EV: 12    Int: 18    God:
Gold:   66         SH:  5    Dex:  9    Spells: 1/3 levels left

rFire   + . .      SeeInvis .     - Unarmed
rCold   . . .      Faith    .   c - +1 buckler
rNeg    . . .      Spirit   .   (helmet restricted)
rPois   .          Reflect  .   (no amulet)
rElec   .          Harm     .   f - ring of protection from fire
rCorr   .          Rampage  .   (no ring)
Will    .....                   (no ring)
Stlth   +++.......              (no ring)
HPRegen 0.10/turn               (no ring)
MPRegen 0.09/turn               (no ring)
                                (no ring)
                                (no ring)

@: no status effects
A: almost no armour, amphibious, 8 rings, camouflage 1, gelatinous body 1,
(nimble swimmer 1), tentacles
a: no special abilities


You were on level 3 of the Dungeon.
You visited 1 branch of the dungeon, and saw 3 of its levels.

You collected 66 gold pieces.

Inventory:

Hand Weapons
 a - a +1 club of freezing
Armour
 c - a +1 buckler (worn)
Jewellery
 f - a ring of protection from fire (left tentacle)
Scrolls
 b - a scroll of teleportation
 h - a scroll of magic mapping
 k - a scroll of vulnerability
Potions
 d - 2 potions of berserk rage
 j - a potion of might {unknown}


   Skills:
 + Level 2.4 Fighting
 - Level 2.0 Axes
 + Level 1.4 Dodging
 - Level 2.0 Stealth
 * Level 2.3 Shields
 + Level 3.7 Unarmed Combat


You had one spell level left.
You knew the following spells:

 Your Spells              Type           Power      Damage    Failure   Level
a - Blink                 Tloc           0%         N/A       38%         2

Your spell library contained the following spells:

 Spells                   Type           Power      Damage    Failure   Level
 Ensorcelled Hibernation  Hex/Ice        0%         N/A       38%         2
 Spider Form              Tmut/Pois      0%         N/A       63%         3
 Manifold Assault         Tloc           0%         N/A       100%        5
 Storm Form               Tmut/Air       0%         N/A       100%        7


Dungeon Overview and Level Annotations

Branches:
Dungeon (3/15)

Altars:


Innate Abilities, Weirdness & Mutations

You cannot wear most types of armour.
You are amphibious.
You can wear up to eight rings at the same time.
Your skin changes colour to match your surroundings (Stealth+).
Your rubbery body absorbs attacks. (AC +1, EV +1)
((You are camouflaged near water. (Stealth+)))
You have tentacles for arms and can constrict up to eight enemies at once.


Message History

An orc comes into view. It is wielding a +0 flail.
The orc shouts!
Found a ring mail.
An orc is nearby!
There is an open door here.
You tentacle-slap the orc. You grab the orc. You squeeze the orc.
The orc is almost dead.
You constrict the orc, but do no damage.
You block the orc's attack. The orc barely misses you.
You tentacle-slap the orc.
You kill the orc!
No target in view!
Things that are here:
a +0 flail; an orc corpse You open the door.
There is an open door here.
A gnoll comes into view. It is wielding a +0 halberd.
The gnoll shouts!
You hear a shout!
A gnoll comes into view. It is wielding a +0 spear.
A kobold comes into view. It is wielding a +0 whip.
A gnoll comes into view. It is wielding a +0 flail.
The gnoll shouts! x2
The gnoll closely misses you.
You hear an angry hiss.
You tentacle-slap the gnoll. Your grab misses the gnoll.
The gnoll is heavily wounded.
The gnoll hits you with a +0 spear. You block the gnoll's attack.
You barely miss the gnoll. You grab the gnoll.
The gnoll is heavily wounded.
You constrict the gnoll. The gnoll barely misses you.
A ball python comes into view.
The gnoll hits you from afar with a +0 halberd!
You release your grip on the gnoll.
The gnoll hits you from afar with a +0 spear!
* * * LOW HITPOINT WARNING * * *
The gnoll hits you from afar with a +0 spear.
* * * LOW HITPOINT WARNING * * *
It was a potion of magic.
Magic courses through your body.
The gnoll hits you from afar with a +0 spear.
You die...

#######.#.'.....[.....
#.#.#8.........8
#.#.##.........#
########.#####8.....8##
.............##.....##
########.#.#####8.8##
#.#.#...##+##
#####.#.#......# #
#..@........#.## #.
#g#####.######## ###..
#.# #.........
S....K##g# ##########
♣.g.g.# .....g####
###.. #. #


You could see a gnoll.

Vanquished Creatures
  2 adders (D:2)
  An orc (D:3)
  4 endoplasms
  3 giant cockroaches
  10 goblins
  3 hobgoblins
  A kobold (D:1)
  3 quokkas
  4 ball pythons
  5 bats
  3 frilled lizards
  A rat (D:1)
40 creatures vanquished.

Notes
Turn   | Place    | Note
-------+----------+-------------------------------------------
     0 | D:1      | DrunkBamboolord the Octopode Wanderer began the quest for
                  | the Orb.
     0 | D:1      | DrunkBamboolord set off with the following items: a +0
                  | club, a scroll of teleportation, a +0 buckler, 2 potions of
                  | berserk rage
     0 | D:1      | Reached XP level 1. HP: 14/14 MP: 1/1
   245 | D:1      | Reached XP level 2. HP: 17/19 MP: 2/2
   477 | D:1      | Found a faded altar of an unknown god.
   920 | D:1      | Reached XP level 3. HP: 23/24 MP: 3/3
  1293 | D:2      | Learned a level 2 spell: Blink
  1942 | D:2      | Reached XP level 4. HP: 22/30 MP: 4/4
  2284 | D:3      | Slain by a gnoll

Illustrated notes

Levels and vault maps discovered:
D:1:      dpeg_arrival_boxes_within_box, layout_rooms,
          chequers_ecumenical_altar_simple, hangedman_decor_points,
          minmay_misc_feat_encased, hangedman_decor_push
D:2:      layout_loops_ring, chequers_serial_rivers_small_b,
          palyth_stone_intersect
D:3:      layout_basic, gammafunk_ghost_smash, dk_noncrumbling_4, st_stairs_6,
          chequers_mini_garden, minivault_26, grunt_ministairs_15

Skill      XL: |  1  2  3 |
---------------+----------+-----
Stealth        | 2 |  2.0
Shields        | 2 |  2.3
Fighting       | |  2.4
Axes           | |  2.0
Dodging        | |  1.4
Unarmed Combat | |  3.7

Action                   |  1- 3 |  4- 6 || total
-------------------------+-------+-------++-------
Melee: Unarmed           |    92 |     5 ||    97
       Tentacles         |    13 |     1 ||    14
       Constrict         |    21 |     2 ||    23
       Punch             |     3 |       ||     3
  Use: Scroll            |     7 |       ||     7
       Potion            |       |     1 ||     1
 Stab: Sleeping          |    12 |     1 ||    13
Armor: Skin              |     6 |       ||     6
Dodge: Dodged            |    40 |     3 ||    43
Block: Buckler           |    15 |     2 ||    17

Table legend: (Time is in decaauts)
 A = Elapsed time spent in this place.
 B = Non-inter-level travel time spent in this place.
 C = Inter-level travel time spent in this place.
 D = Time resting spent in this place.
 E = Time spent auto-exploring this place.
 F = Levels seen in this place.
 G = Mean time per level.
                   A        B        C        D        E       F      G
               +--------+--------+--------+--------+--------+-----+--------+
         Total |   2280 |   2199 |     81 |      0 |   1876 |   3 |  760.0 |
       Dungeon |   2280 |   2199 |     81 |      0 |   1876 |   3 |  760.0 |
               +--------+--------+--------+--------+--------+-----+--------+

Top non-repeatable levels by time:
     D:2: 1196 daAuts
     D:1: 998 daAuts
     D:3: 86 daAuts
